 Dungeon Crawl Stone Soup version 0.28-a0-1510-gd0f6b136d3 (webtiles) character file.

Game seed: 4912115518517800617

1376 Snarg the Cudgeller (level 8, -7/66 HPs)
             Began as a Demigod Wanderer on Jan 15, 2022.
             Mangled by a shadow (18 damage)
             ... on level 6 of the Dungeon.
             The game lasted 00:23:04 (7009 turns).

Snarg the Cudgeller (Demigod Wanderer)              Turns: 7009, Time: 00:23:04

Health: -7/66      AC: 10    Str: 22    XL:     8   Next: 16%
Magic:  14/14      EV: 26    Int: 11    God:
Gold:   217        SH:  5    Dex: 15    Spells: 11/11 levels left

rFire   . . .      SeeInvis .   a - +1 mace
rCold   + . .      Faith    .   h - +0 buckler {AC+3}
rNeg    . . .      Spirit   .   k - +0 ring mail
rPois   .          Reflect  .   (no helmet)
rElec   .          Harm     .   (no cloak)
rCorr   .          Rampage  .   (no gloves)
Will    +....                   F - +0 pair of boots
Stlth   ++........              i - amulet of the acrobat
HPRegen 0.21/turn               A - ring of protection from cold
MPRegen 0.14/turn               G - ring of willpower

@: acrobatic
A: high mp 1, forlorn, divine attributes
a: no special abilities


You were on level 6 of the Dungeon.
You visited 1 branch of the dungeon, and saw 6 of its levels.

You collected 217 gold pieces.

Inventory:

Hand Weapons
 a - a +1 mace (weapon)
 b - a +3 hand axe of flaming
 d - a +0 spear
 D - a +0 dagger of draining
Missiles
 e - 75 stones (quivered)
 u - 4 curare-tipped darts
 E - a poisoned dart
Armour
 c - a +0 leather armour
 f - a +0 chain mail
 h - a +0 buckler of protection (worn)
 k - a +0 ring mail (worn)
 o - an orb of light
 F - a +0 pair of boots (worn)
Magical Staves
 n - a staff of poison
 x - a staff of cold
Jewellery
 i - an amulet of the acrobat (around neck)
 A - a ring of protection from cold (left hand)
 C - a ring of fire
 G - a ring of willpower (right hand)
Wands
 v - a wand of mindburst (12)
 w - a wand of flame (8)
Scrolls
 g - a scroll of noise
 j - a scroll of fog
 m - 2 scrolls of identify
 p - 2 scrolls of enchant weapon
 y - a scroll of holy word
 z - 2 scrolls of teleportation {unknown}
Potions
 l - a potion of magic
 q - 3 potions of curing
 r - 2 potions of haste
 s - a potion of heal wounds
 t - a potion of lignification
 B - 2 potions of ambrosia


   Skills:
 * Level 3.8 Fighting
 - Level 1.3(3.1) Axes
 + Level 4.4(4.5) Maces & Flails
 - Level 2.0 Throwing
 + Level 4.1 Armour
 + Level 2.2 Dodging
 - Level 3.0 Stealth
 + Level 3.8 Shields
 - Level 2.0 Spellcasting
 * Level 2.8 Evocations


You had 11 spell levels left.
You didn't know any spells.
Your spell library was empty.

Dungeon Overview and Level Annotations

Branches:
Dungeon (6/15)
 Temple: D:4-7

Shops:
D:1 :

Annotations:
D:1 clr
D:2 clr
D:3 clr
D:5 clr


Innate Abilities, Weirdness & Mutations

You have an increased reservoir of magic. (+10% MP)
You shall have no god before yourself.
Your divine heritage dramatically boosts your attributes as you level up.


Message History

Reactivating autopickup.
The shadow hits you.
You hit the shadow but do no damage. The shadow hits you.
You hit the shadow but do no damage. The shadow hits you.
You barely miss the shadow. The shadow hits you.
You hit the shadow but do no damage. The shadow misses you.
The shadow hits you.
You hit the shadow.
The shadow is lightly damaged.
The shadow barely misses you.
You sock the shadow!
The shadow is heavily damaged.
You block the shadow's attack.
You barely miss the shadow.
The shadow is heavily damaged.
The shadow slips into darkness.
The shadow flickers and vanishes!
Deactivating autopickup; reactivate with Ctrl-A.
You barely miss something.
The shadow strikes at you from the darkness!
* * * LOW HITPOINT WARNING * * *
Reactivating autopickup.
You feel much better. The shadow closely misses you.
You hit the shadow but do no damage.
The shadow is heavily damaged.
You block the shadow's attack.
The shadow slips into darkness.
The shadow flickers and vanishes!
Deactivating autopickup; reactivate with Ctrl-A.
You hit something.
The shadow strikes at you from the darkness!
* * * LOW HITPOINT WARNING * * *
Reactivating autopickup.
You hit the shadow.
The shadow is severely damaged.
The shadow slips into darkness.
The shadow flickers and vanishes!
Deactivating autopickup; reactivate with Ctrl-A.
The shadow strikes at you from the darkness!
You die...

.........................
.........................
##############...........
#............ ####
#..!......... ...#
#............ ...#
#..<......... ...#
#..........#. ...#
#..@......... ...#
#..........# ...#
#####.####.. ...#### #.#
.# ......# #.# ......#
#.# ......# #.# ......#
#.# ......# #.#


There were no monsters in sight!

Vanquished Creatures
  2 black bears (D:6)
  An ice beast (D:6)
  4 ogres
  A centaur (D:5)
  A water moccasin zombie (D:5)
  3 scorpions
  An orc priest (D:5)
  2 jellies
  3 hounds (D:5)
  An iron imp (D:5)
  Natasha (twice) (D:3)
  An orc wizard (D:5)
  A scorpion zombie (D:5)
  A hound zombie (D:5)
  6 adders
  3 ufetubi
  4 worms
  3 dart slugs
  3 orcs (D:5)
  5 ball pythons
  4 endoplasms
  6 giant cockroaches
  8 goblins
  4 hobgoblins
  4 jackals (D:4)
  2 quokkas
  6 bats
  5 kobolds
  4 rats
91 creatures vanquished.

Notes
Turn   | Place    | Note
-------+----------+-------------------------------------------
     0 | D:1      | Snarg the Demigod Wanderer began the quest for the Orb.
     0 | D:1      | Snarg set off with the following items: a +1 mace, a +0
                  | buckler of protection, a +0 leather armour
     0 | D:1      | Reached XP level 1. HP: 16/16 MP: 3/3
   359 | D:1      | Found Waossu's Book Boutique.
   373 | D:1      | Reached XP level 2. HP: 23/23 MP: 4/4
   933 | D:1      | Reached XP level 3. HP: 6/28 MP: 5/5
  1819 | D:2      | You fall into a shaft and drop 1 floor!
  2287 | D:2      | Reached skill level 1 in Dodging
  2548 | D:3      | Noticed Natasha
  2569 | D:3      | Killed Natasha
  2570 | D:3      | Reached XP level 4. HP: 16/35 MP: 6/6
  3344 | D:3      | Noticed Natasha
  3362 | D:3      | Killed Natasha
  3507 | D:4      | Noticed a phantom
  4140 | D:5      | Entered Level 5 of the Dungeon
  4157 | D:5      | Reached skill level 1 in Spellcasting
  4157 | D:5      | Reached XP level 5. HP: 23/41 MP: 7/9
  4315 | D:5      | Reached skill level 1 in Evocations
  4844 | D:4      | Noticed an ogre
  4853 | D:4      | Killed an ogre
  4854 | D:4      | Reached skill level 1 in Throwing
  4854 | D:4      | Reached XP level 6. HP: 48/48 MP: 10/10
  5649 | D:5      | Reached XP level 7. HP: 56/56 MP: 13/13
  5976 | D:5      | Reached skill level 1 in Axes
  6605 | D:6      | Reached XP level 8. HP: 66/66 MP: 14/14
  7009 | D:6      | Mangled by a shadow

Illustrated notes

Levels and vault maps discovered:
D:1:      evilmike_arrival_hilbert_curve, layout_basic, serial_shops,
          nicolae_diamond_shop
D:2:      layout_basic, kennysheep_generic_room_12
D:3:      layout_basic, ebering_ecumenical_altar_webs, uniq_natasha
D:4:      layout_rooms, gammafunk_temple_overflow_elements,
          vehumet_altar_wand_db, mainiacjoe_overflow_large_starburst
D:5:      layout_basic, slow_altar_2, kennysheep_generic_room_7
D:6:      layout_basic, minmay_temple_entry_drinking_statues, uniq_eustachio

Skill      XL: |  1  2  3  4  5  6  7  8 |
---------------+-------------------------+-----
Armour         | 2 3 4 |  4.1
Shields        | 3 |  3.8
Maces & Flails | 3 4 |  4.4
Dodging        | 1 2 |  2.2
Stealth        | 2 3 |  3.0
Fighting       | 2 3 |  3.8
Spellcasting   | 1 2 |  2.0
Evocations     | 1 2 |  2.8
Throwing       | 1 2 |  2.0
Axes           | 1 |  1.3

Action                   |  1- 3 |  4- 6 |  7- 9 || total
-------------------------+-------+-------+-------++-------
Melee: Mace              |   151 |   143 |    69 ||   363
       Hand axe          |     2 |     1 |    19 ||    22
       Staff             |       |    10 |       ||    10
Throw: Stone             |    31 |    38 |    21 ||    90
       Dart              |       |    14 |    13 ||    27
Evoke: Wand              |       |     2 |     7 ||     9
  Use: Potion            |     1 |       |     2 ||     3
       Scroll            |     2 |     7 |     4 ||    13
 Stab: Sleeping          |     3 |       |       ||     3
Armor: Leather armour    |    33 |       |       ||    33
       Ring mail         |    25 |    59 |    52 ||   136
Dodge: Dodged            |    86 |    72 |    54 ||   212
Block: Buckler           |    45 |    48 |    20 ||   113

Table legend: (Time is in decaauts)
 A = Elapsed time spent in this place.
 B = Non-inter-level travel time spent in this place.
 C = Inter-level travel time spent in this place.
 D = Time resting spent in this place.
 E = Time spent auto-exploring this place.
 F = Levels seen in this place.
 G = Mean time per level.
                   A        B        C        D        E       F      G
               +--------+--------+--------+--------+--------+-----+--------+
         Total |   7126 |   6661 |    465 |   1453 |   3790 |   6 | 1187.7 |
       Dungeon |   7126 |   6661 |    465 |   1453 |   3790 |   6 | 1187.7 |
               +--------+--------+--------+--------+--------+-----+--------+

Top non-repeatable levels by time:
     D:5: 1690 daAuts
     D:3: 1484 daAuts
     D:1: 1363 daAuts
     D:4: 1115 daAuts
     D:2: 910 daAuts
     D:6: 561 daAuts
